 Dungeon Crawl Stone Soup version 0.30-a0-916-g9813417 (webtiles) character file.

Game seed: 18088719723056987492

285 Dorkslayer the Shield-Bearer (level 6, -2/38 HPs)
             Began as a Gargoyle Fighter on Apr 16, 2023.
             Slain by a gnoll
             ... wielding a +0 club
              (7 damage)
             ... on level 4 of the Dungeon on Apr 17, 2023.
             The game lasted 00:08:21 (2263 turns).

Dorkslayer the Shield-Bearer (Gargoyle Fighter)     Turns: 2263, Time: 00:08:22

Health: -2/38      AC: 13    Str: 20    XL:     6   Next: 29%
Magic:  6/6        EV:  8    Int:  8    God:
Gold:   87         SH:  0    Dex: 11    Spells: 5/5 levels left

rFire   . . .      SeeInvis .    g - +2 spear (venom)
rCold   . . .      Faith    .    c - +0 buckler
rNeg    + . .      Spirit   .    m - +0 chain mail
rPois   ∞          Reflect  .    (no helmet)
rElec   +          Rampage  .    (no cloak)
rCorr   .                        (no gloves)
Will    .....                    (no boots) Stlth
                                 (no amulet)
HPRegen 0.26/turn                (no ring)
MPRegen 0.10/turn                (no ring)

@: confused, ambrosia-drunk, flying
A: sickness immunity, AC +4, negative energy resistance 1, electricity
resistance, torment resistance 1, petrification resistance
a: no special abilities


You were on level 4 of the Dungeon.
You visited 1 branch of the dungeon, and saw 4 of its levels.

You collected 87 gold pieces.

Inventory:

Hand Weapons
 a - a +0 war axe
 g - a +2 spear of venom (weapon)
Armour
 c - a +0 buckler (worn)
 m - a +0 chain mail (worn)
Scrolls
 f - a scroll of silence
 h - a scroll of torment {unknown}
 k - a scroll of fog {unknown}
 l - a scroll of blinking {unknown}
 o - a scroll of teleportation {unknown}
 q - a scroll of brand weapon {unknown}
Potions
 d - a potion of might
 e - a potion of lignification
 i - 2 potions of curing
 j - a potion of mutation
 p - a potion of ambrosia


   Skills:
 + Level 4.1 Fighting
 + Level 2.7(3.0) Axes
 + Level 1.6(2.4) Polearms
 + Level 4.1 Armour
 * Level 2.4 Dodging
 + Level 4.2 Shields


You had 5 spell levels left.
You didn't know any spells.
Your spell library was empty.

Dungeon Overview and Level Annotations

Branches:
Dungeon (4/15)
 Temple: D:4-7

Altars:
Nemelex Xobeh

Shops:
D:3 [!


Innate Abilities, Weirdness & Mutations

You are immune to sickness and miasma.
Your stone body is resilient. (AC +4)
You are immune to poison.
You resist negative energy. (rN+)
You are resistant to electric shocks. (rElec)
You are resistant to unholy torment.
You are immune to petrification.


Message History

You barely miss the gnoll.
You kill the gnoll!
The hound bites you but does no damage. The gnoll hits you but does no damage.
The hound barely misses you.
You hit the hound.
The hound is poisoned.
The hound is moderately wounded.
The hound barely misses you. The endoplasm freezes you.
You are frozen.
The gnoll hits you but does no damage.
You barely miss the endoplasm. The hound bites you but does no damage.
The endoplasm freezes you.
You are frozen.
* * * LOW HITPOINT WARNING * * *
The gnoll hits you with a +0 club.
* * * LOW HITPOINT WARNING * * *
The hound bites you but does no damage.
It was a potion of cancellation.
You feel magically purged. The hound bites you.
* * * LOW HITPOINT WARNING * * *
The endoplasm hits you but does no damage.
The gnoll hits you with a +0 club.
* * * LOW HITPOINT WARNING * * *
It was a potion of ambrosia.
You are confused.
You feel invigorated. The hound bites you.
* * * LOW HITPOINT WARNING * * *
The endoplasm barely misses you. The gnoll hits you but does no damage.
The hound stops to sniff the ground.
The hound bites you.
* * * LOW HITPOINT WARNING * * *
It was a potion of flight.
You feel very buoyant.
You fly up into the air.
The hound bites you but does no damage. The endoplasm freezes you.
You are frozen.
* * * LOW HITPOINT WARNING * * *
The gnoll hits you but does no damage.
Unknown command.
The gnoll attacks as you move away! The gnoll hits you with a +0 club!
You die...

# ## #. #####.#
###.##.....##
............#
............#
...........###.
.......og......
#..@ho.....
##.)J......
...........
.............
...............
.#.....##.#....
....... ##....
##..... #..


You could see a hound (very poisoned), an orc wizard, a gnoll, an orc and an
endoplasm.

Vanquished Creatures
  An orc priest (D:3)
  Jessica (D:2)
  Natasha (thrice) (D:2)
  An iguana (D:3)
  2 adders (D:2)
  2 gnolls (D:4)
  A worm (D:2)
  4 dart slugs (D:1)
  9 orcs
  8 ball pythons
  8 endoplasms
  2 giant cockroaches
  5 goblins
  9 hobgoblins
  3 jackals (D:2)
  A quokka (D:1)
  3 bats
  4 frilled lizards
  3 kobolds
  4 rats
74 creatures vanquished.

Notes
Turn   | Place    | Note
-------+----------+-------------------------------------------
     0 | D:1      | Dorkslayer the Gargoyle Fighter began the quest for the
                  | Orb.
     0 | D:1      | Reached XP level 1. HP: 14/14 MP: 1/1
   100 | D:1      | Reached XP level 2. HP: 19/19 MP: 2/2
   302 | D:1      | Reached skill level 1 in Dodging
   335 | D:1      | Reached XP level 3. HP: 23/23 MP: 3/3
   724 | D:2      | Noticed Jessica
   731 | D:2      | Killed Jessica
   732 | D:2      | Reached XP level 4. HP: 17/28 MP: 4/4
   873 | D:2      | Noticed Natasha
   881 | D:2      | Killed Natasha
   937 | D:2      | Reached skill level 1 in Polearms
   962 | D:2      | Reached XP level 5. HP: 33/33 MP: 5/5
  1186 | D:2      | Noticed Natasha
  1197 | D:2      | Killed Natasha
  1441 | D:2      | Noticed Natasha
  1449 | D:2      | Killed Natasha
  1568 | D:3      | Reached XP level 6. HP: 26/38 MP: 6/6
  1935 | D:3      | Found Voli Kiq's Armour Boutique.
  2040 | D:3      | Found a sparkling altar of Nemelex Xobeh.
  2122 | D:3      | Found Lomuf's Distillery.
  2263 | D:4      | Slain by a gnoll

Illustrated notes

Levels and vault maps discovered:
D:1:      dpeg_arrival_erosion, layout_basic
D:2:      layout_loops_ring, uniq_natasha, uniq_jessica
D:3:      layout_basic, nemelex_spade_bored_becter, serial_shops, shop, shop
D:4:      layout_cave_pools, mainiacjoe_overflow_tiny_flanked,
          kennysheep_another_room

Skill      XL: |  1  2  3  4  5 |
---------------+----------------+-----
Axes           | 2 |  2.7
Dodging        | 1 2 |  2.4
Polearms       | 1 |  1.6
Shields        | 4 |  4.2
Fighting       | 4 |  4.1
Armour         | 4 |  4.1

Action                     |  1- 3 |  4- 6 || total
---------------------------+-------+-------++-------
  Melee: War axe           |     7 |       ||     7
         Spear             |    53 |   143 ||   196
    Use: Scroll            |       |     3 ||     3
         Potion            |       |     3 ||     3
 Armour: Scale mail        |    21 |    31 ||    52
         Chain mail        |       |    24 ||    24
  Dodge: Dodged            |    27 |    52 ||    79
  Block: Buckler           |     9 |    17 ||    26

Table legend: (Time is in decaauts)
 A = Elapsed time spent in this place.
 B = Non-inter-level travel time spent in this place.
 C = Inter-level travel time spent in this place.
 D = Time resting spent in this place.
 E = Time spent auto-exploring this place.
 F = Levels seen in this place.
 G = Mean time per level.
                   A        B        C        D        E       F      G
               +--------+--------+--------+--------+--------+-----+--------+
         Total |   2275 |   2275 |      0 |      0 |   1316 |   4 |  568.8 |
       Dungeon |   2275 |   2275 |      0 |      0 |   1316 |   4 |  568.8 |
               +--------+--------+--------+--------+--------+-----+--------+

Top non-repeatable levels by time:
     D:2: 775 daAuts
     D:3: 763 daAuts
     D:1: 720 daAuts
     D:4: 17 daAuts
